 Dungeon Crawl Stone Soup version 0.28.0 (webtiles) character file.

Game seed: 3809918642701534652

7 sanka the Magician (level 1, 13/13 HPs)
             Began as a Palentonga Hedge Wizard on Feb 8, 2022.
             Was a Follower of Uskayaw.
             Quit the game on level 1 of the Dungeon.
             The game lasted 00:01:03 (677 turns).

sanka the Magician (Palentonga Hedge Wizard)         Turns: 677, Time: 00:01:03

Health: 13/13      AC:  6    Str: 13    XL:     1   Next: 91%
Magic:  4/4        EV:  9    Int: 14    God:    Uskayaw [*.....]
Gold:   12         SH:  0    Dex:  9    Spells: 5/6 levels left

rFire   . . .      SeeInvis +   a - +0 dagger
rCold   . . .      Faith    .   (no shield)
rNeg    . . .      Spirit   .   b - +0 robe
rPois   .          Reflect  .   c - +0 hat
rElec   .          Harm     .   (no cloak)
rCorr   .          Rampage  .   f - +1 pair of gloves
Will    .....                   (no barding)
Stlth   +.........              (no amulet)
HPRegen 0.04/turn               (no ring)
MPRegen 0.09/turn               (no ring)

@: no status effects
A: large, rugged brown scales 3, see invisible, deformed body, roll 1, armoured
tail
a: Rolling Charge, Renounce Religion, Stomp


You were on level 1 of the Dungeon.
You worshipped Uskayaw.
Uskayaw was noncommittal.
You visited 1 branch of the dungeon, and saw 1 of its levels.

You collected 12 gold pieces.

Inventory:

Hand Weapons
 a - a +0 dagger (weapon)
Armour
 b - a +0 robe (worn)
 c - a +0 hat (worn)
 f - a +1 pair of gloves (worn)
Potions
 d - a potion of resistance {unknown}
 e - a potion of magic {unknown}


   Skills:
 - Level 1.5 Dodging
 - Level 1.2 Stealth
 - Level 3.0 Spellcasting
 - Level 0.8 Conjurations
 + Level 1.6 Summonings
 - Level 1.0 Translocations


You had 5 spell levels left.
You knew the following spells:

 Your Spells              Type           Power      Damage    Failure   Level
a - Magic Dart            Conj           16%        1d3       16%         1

Your spell library contained the following spells:

 Spells                   Type           Power      Damage    Failure   Level
 Summon Small Mammal      Summ           24%        N/A       11%         1
 Call Imp                 Summ           6%         N/A       17%         2
 Slow                     Hex            8%         N/A       22%         1
 Blink                    Tloc           8%         N/A       22%         2
 Call Canine Familiar     Summ           6%         N/A       32%         3
 Summon Guardian Golem    Hex/Summ       4%         N/A       43%         3
 Conjure Flame            Conj/Fire      3%         6-21      47%         3
 Mephitic Cloud           Conj/Pois/Air  2%         N/A       50%         3


Dungeon Overview and Level Annotations

Branches:
Dungeon (1/15)

Altars:
Uskayaw
Zin

Shops:
D:1 !


Innate Abilities, Weirdness & Mutations

You are completely covered in rugged brown scales. (AC +3, +7% HP)
You have supernaturally acute eyesight. (SInv)
Armour fits poorly on your strangely shaped body.
You can roll at nearby foes to attack.
You have a long armoured tail.


Message History

You kill the rat!
You can't see any susceptible monsters within range! (Use Z to cast anyway.)
A frilled lizard comes into view.
Found a pair of glowing boots.
A frilled lizard is nearby!
A frilled lizard is nearby!
The magic dart hits the frilled lizard.
You kill the frilled lizard!
You can't see any susceptible monsters within range! (Use Z to cast anyway.)
You can't see any susceptible monsters within range! (Use Z to cast anyway.)
You can't see any susceptible monsters within range! (Use Z to cast anyway.)
You start resting.
Magic restored.
You see here a +0 pair of boots of stealth.
Found a faded altar of an unknown god.
There is an empty arch of ancient stone here.
You now have 12 gold pieces.
You open the door.
There is an open door here.
Found a pair of embroidered gloves.
Search for what [? for help]?
Okay, then.
A kobold comes into view. It is wielding a +0 short sword.
Found 8 gold pieces.
You see here a +1 pair of gloves.
f - a +1 pair of gloves You start putting on your armour.
You continue putting on your +1 pair of gloves. x4
You finish putting on your +1 pair of gloves.
Search for what [? for help]? altar You open the door.
There is an open door here.
There is a faded altar of an unknown god here.
You cannot tell which god this altar belongs to.
Convert to them anyway?
Uskayaw accepts your prayer! Uskayaw welcomes you!
You can now stomp with the beat.
Unknown command.
Press < or > to pray at altars.
Are you sure you want to abandon this character and quit the game? (Confirm with "yes".)

♣♣♣♣♣♣♣♣ ## ♣♣..8@8.♣♣ .##
♣♣........♣♣♣
..########♣...♣...♣♣..♣#
.........#♣.♣♣♣.∩.♣♣♣♣.#
.........#.♣♣#♣...♣ ##.##########
..............♣.♣.♣♣♣.....##.....
..#####......♣..♣♣..♣.....##.....
..##.........♣.♣♣♣♣.♣.....'......
.##...##..###♣. ♣.♣.....##.....


There were no monsters in sight!

Vanquished Creatures
  2 bats (D:1)
  A goblin (D:1)
  A quokka (D:1)
  A frilled lizard (D:1)
  2 rats (D:1)
7 creatures vanquished.

Notes
Turn   | Place    | Note
-------+----------+-------------------------------------------
     0 | D:1      | sanka the Palentonga Hedge Wizard began the quest for the
                  | Orb.
     0 | D:1      | Reached XP level 1. HP: 13/13 MP: 4/4
    25 | D:1      | Found a glowing silver altar of Zin.
    45 | D:1      | Reached skill level 1 in Summonings
   236 | D:1      | Found Yxiasku's Distillery.
   612 | D:1      | Found a faded altar of an unknown god.
   676 | D:1      | Prayed at the altar of an unknown god.
   676 | D:1      | Became a worshipper of Uskayaw the Reveller
   676 | D:1      | Reached * piety under Uskayaw
   677 | D:1      | Quit the game

Illustrated notes

Levels and vault maps discovered:
D:1:      tarquinn_simple_flora_water_d, layout_basic, serial_shops,
          nicolae_shop_temple_entry_statues_fountains,
          shapermc_ecumenical_altar_totnotflames, minmay_curled_crystal,
          minmay_tree_intersection, kennysheep_flooded_box, feat_on_display

Skill      XL: |  1 |
---------------+----+-----
Summonings     | 1 |  1.6
Dodging        | |  1.5
Stealth        | |  1.2
Spellcasting   | |  3.0
Conjurations   | |  0.8
Translocations | |  1.0

Action                   || total
-------------------------++-------
Melee: Dagger            ||    16
       Tailslap          ||     2
 Cast: Magic Dart        ||    12
Armor: Robe              ||    10
Dodge: Dodged            ||     6
